 Dungeon Crawl Stone Soup version 0.30-a0-743-gbfdf073431 (webtiles) character file.

Game seed: 11060160083795456173

59 Bnni the Shooter (level 3, -1/21 HPs)
             Began as a Deep Elf Hunter on Feb 6, 2023.
             Slain by a hobgoblin (5 damage)
             ... led by Robin
             ... on level 2 of the Dungeon.
             The game lasted 00:01:59 (813 turns).

Bnni the Shooter (Deep Elf Hunter)                   Turns: 813, Time: 00:01:59

Health: -1/21      AC:  3    Str:  8    XL:     3   Next: 78%
Magic:  5/5        EV: 12    Int: 13    God:
Gold:   108        SH:  0    Dex: 20    Spells: 2/2 levels left

rFire   . . .      SeeInvis .    a - +0 shortbow
rCold   . . .      Faith    .    (shield currently unavailable)
rNeg    . . .      Spirit   .    c - +0 leather armour
rPois   .          Reflect  .    (no helmet)
rElec   .          Harm     .    (no cloak)
rCorr   .          Rampage  .    (no gloves)
Will    .....                    (no boots)
Stlth   ++                       (no amulet)
HPRegen 0.23/turn                (no ring)
MPRegen 0.09/turn                (no ring)

@: brilliant, attractive
A: no striking features
a: no special abilities


You were on level 2 of the Dungeon.
You visited 1 branch of the dungeon, and saw 2 of its levels.

You collected 108 gold pieces.

Inventory:

Hand Weapons
 a - a +0 shortbow (weapon)
Missiles
 d - 2 poisoned darts
Armour
 c - a +0 leather armour (worn)
Scrolls
 b - a scroll of immolation
 f - a scroll of teleportation {unknown}
 j - a scroll of magic mapping {unknown}
 k - a scroll of brand weapon {unknown}
 m - a scroll of noise {unknown}
Potions
 e - a potion of attraction
 g - a potion of brilliance
 h - a potion of resistance {unknown}
 i - a potion of degeneration {unknown}
 l - a potion of curing {unknown}


   Skills:
 + Level 2.3 Fighting
 * Level 6.7 Ranged Weapons
 - Level 2.4 Dodging
 - Level 1.2 Stealth


You had 2 spell levels left.
You didn't know any spells.
Your spell library contained the following spells:

 Spells                   Type           Power      Damage    Failure   Level
 Cigotuvi's Dreadful Rot  Necr/Pois/Air  0%         N/A       56%         2
 Poisonous Vapours        Pois/Air       0%         N/A       56%         2
 Mephitic Cloud           Conj/Pois/Air  0%         N/A       80%         3


Dungeon Overview and Level Annotations

Branches:
Dungeon (2/15)

Altars:

Annotations:
D:2 Robin


Message History

The goblin no longer looks unusually strong.
A kobold comes into view. It is wielding a +0 whip.
The goblin unwields a +0 club.
The goblin wields a +0 sling.
The goblin shoots a sling bullet.
The sling bullet hits you but does no damage.
You shoot an arrow. The arrow hits the goblin!
You kill the goblin!
You hear a shout!
The goblin no longer looks unusually strong.
Robin throws the goblin at you!
A hobgoblin comes into view.
The goblin hits you but does no damage.
You shoot an arrow. The arrow barely misses the goblin.
The hobgoblin no longer looks unusually strong.
Robin roars a battlecry!
The goblins go into a battle-frenzy!
A goblin comes into view. It is wielding a +0 dagger.
The goblin completely misses you.
The goblin unwields a +0 sling.
The goblin wields a +0 club.
The goblin closely misses you. The goblin completely misses you.
You shoot an arrow. The arrow hits the goblin.
You kill the goblin!
The goblin no longer looks unusually strong.
The goblin closely misses you.
You shoot an arrow. The arrow hits the goblin!
You kill the goblin!
Robin roars a battlecry!
You shoot an arrow. The arrow hits the hobgoblin.
The hobgoblin is severely wounded.
Robin flexes a bicep menacingly.
The hobgoblin hits you.
* * * LOW HITPOINT WARNING * * *
It was a potion of attraction.
You feel attractive to monsters. The hobgoblin barely misses you.
It was a potion of brilliance.
You feel clever all of a sudden.
Robin says, "We wiped out the hill dwarves - you're next!"
The hobgoblin hits you.
You die...

#.## #.. .###..? #..##
#.# ##.##...#
##..#####.####..#....#
.....................#
#..............####.g#
.)†#.........#.##gK.##
......#.######..gg.##
.....##.# ###g#.......
......#.# #@##...##.
#####...# #.).# .###
###........#.. .#
##..#####..#### ......
.## ###### ........
.....####.##....
................
......>..###


You could see Robin, a hobgoblin (strong), 2 goblins and a kobold.

Vanquished Creatures
  An adder (D:2)
  A worm (D:2)
  A dart slug (D:2)
  5 bats
  4 endoplasms
  A giant cockroach (D:2)
  13 goblins
  4 hobgoblins
  2 quokkas
  2 ball pythons
  2 frilled lizards (D:1)
  3 kobolds (D:1)
39 creatures vanquished.

Notes
Turn   | Place    | Note
-------+----------+-------------------------------------------
     0 | D:1      | Bnni the Deep Elf Hunter began the quest for the Orb.
     0 | D:1      | Reached XP level 1. HP: 12/12 MP: 3/3
   225 | D:1      | Reached XP level 2. HP: 17/17 MP: 4/4
   333 | D:1      | Reached skill level 6 in Ranged Weapons
   639 | D:2      | Reached XP level 3. HP: 21/21 MP: 5/5
   791 | D:2      | Noticed Robin
   813 | D:2      | Slain by a hobgoblin

Illustrated notes

Levels and vault maps discovered:
D:1:      minmay_arrival_checkered_box, layout_loops_cross, st_stairs_8
D:2:      layout_rooms, basic_altar, hangedman_abyss_or_decor_lesser_grid,
          uniq_robin

Skill      XL: |  1  2 |
---------------+-------+-----
Fighting       | 2 |  2.3
Ranged Weapons | 6 |  6.7
Dodging        | |  2.4
Stealth        | |  1.2

Action                     || total
---------------------------++-------
   Fire: Shortbow          ||    86
    Use: Potion            ||     2
 Armour: Leather armour    ||     7
  Dodge: Dodged            ||    22

Table legend: (Time is in decaauts)
 A = Elapsed time spent in this place.
 B = Non-inter-level travel time spent in this place.
 C = Inter-level travel time spent in this place.
 D = Time resting spent in this place.
 E = Time spent auto-exploring this place.
 F = Levels seen in this place.
 G = Mean time per level.
                   A        B        C        D        E       F      G
               +--------+--------+--------+--------+--------+-----+--------+
         Total |    835 |    807 |     28 |      0 |    646 |   2 |  417.5 |
       Dungeon |    835 |    807 |     28 |      0 |    646 |   2 |  417.5 |
               +--------+--------+--------+--------+--------+-----+--------+

Top non-repeatable levels by time:
     D:1: 633 daAuts
     D:2: 201 daAuts
